 Dungeon Crawl Stone Soup version 0.31-a0-233-g139696dc86 (webtiles) character file.

Game seed: 9225278847274371223

90 qw the Shooter (level 4, -7/36 HPs)
             Began as a Minotaur Hexslinger on July 9, 2023.
             Mangled by Sigmund
             ... wielding a +0 scythe
              (11 damage)
             ... on level 2 of the Dungeon.
             The game lasted 00:00:21 (1054 turns).

qw the Shooter (Minotaur Hexslinger)                Turns: 1054, Time: 00:00:22

Health: -7/36      AC:  2    Str: 12    XL:     4   Next: 32%
Magic:  4/4        EV: 12    Int: 10    God:
Gold:   42         SH:  0    Dex: 15    Spells: 4/5 levels left

rFire   . . .        Y - +1 sling
rCold   . . .        (no shield)
rNeg    . . .        c - +0 robe
rPois   .            (helmet restricted)
rElec   .            (no cloak)
rCorr   .            (no gloves)
SInv    .            (no boots)
Will    .....        (no amulet)
Stlth   +            (no ring)
HPRegen 0.26/turn    (no ring)
MPRegen 0.09/turn

%: no passive effects
@: confused
A: horns 2, retaliatory headbutt
a: no special abilities


You were on level 2 of the Dungeon.
You visited 1 branch of the dungeon, and saw 2 of its levels.

You collected 42 gold pieces.


Innate Abilities, Weirdness & Mutations

You have a pair of horns on your head.
You reflexively headbutt those who attack you in melee.


   Skills:
 - Level 2.0 Fighting
 + Level 4.9 Ranged Weapons
 - Level 2.1 Dodging
 - Level 1.0 Spellcasting
 - Level 2.0 Hexes


You had 4 spell levels left.
You knew the following spells:

 Your Spells              Type           Power      Damage    Failure   Level
a - Slow                  Hex            16%        N/A       16%         1

Your spell library contained the following spells:

 Spells                   Type           Power      Damage    Failure   Level
 Inner Flame              Hex/Fire       2%         N/A       56%         3
 Portal Projectile        Hex/Tloc       4%         N/A       56%         3
 Cause Fear               Hex            2%         N/A       83%         4

Inventory:

Hand Weapons
 Y - a +1 sling (weapon)
Armour
 b - a +0 ring mail
 c - a +0 robe (worn)
 h - the +4 skin of Zhor {*Englaciate rC+++ SInv}
   (You took it off a goblin on level 2 of the Dungeon)

   *Englaciate: It radiates cold, occasionally slowing all nearby creatures who
   are not resistant to cold.
   rC:        It renders you almost immune to cold.
   SInv:      It lets you see invisible.
Scrolls
 a - a scroll of teleportation
 j - a scroll of fog {unknown}
Potions
 d - 3 potions of curing {unknown}
 e - a potion of invisibility {unknown}
 f - a potion of attraction {unknown}
 g - a potion of enlightenment {unknown}
 i - a potion of berserk rage {unknown}

Dungeon Overview and Level Annotations

Branches:
Dungeon (2/15)

Altars:

Shops:
D:1 (

Annotations:
D:2 Sigmund


Message History

The puff of flame hits you.
You shoot a sling bullet. The adder hisses angrily.
The sling bullet hits Sigmund but does no damage.
Sigmund gestures wildly while chanting.
Sigmund flickers and vanishes!
Deactivating autopickup; reactivate with Ctrl-A.
You shoot a sling bullet. The sling bullet hits the adder.
The adder is lightly wounded.
You shoot a sling bullet. The sling bullet hits the adder.
The adder is moderately wounded.
You shoot a sling bullet. The sling bullet hits the adder.
The adder is almost dead.
Something hits you.
You shoot a sling bullet. The sling bullet misses the adder.
The adder closely misses you. x2; You furiously retaliate!
You headbutt the adder!
You kill the adder!
A magic dart appears from out of thin air!
The magic dart hits you.
You shoot a sling bullet. Something hits you.
You shoot a sling bullet. You shoot a sling bullet.
You hear some strange, mumbled words.
You are confused.
You hear some strange, mumbled words.
A puff of flame appears from out of thin air!
The puff of flame hits you!
You shoot a sling bullet. Something hits you!
You shoot a sling bullet. You shoot a sling bullet.
You hear some strange, mumbled words.
Something tries to affect you, but you resist.
Something hits you!
You shoot a sling bullet. You shoot a sling bullet. Something hits you!
You die...

#...........#
#........)..#
#...........#
####'###....# #........#
#........####### .
##.......#.....#...
#.......#.###...#.
##.####.........@.......
.............<#...{..##.
.#.####........>.....#
####..>...#....#
#..........##
#......#.### #......#.#
.......... ########.


There were no monsters in sight!

Vanquished Creatures
  Jessica (D:2)
  Natasha (D:2)
  2 adders (D:2)
  A dart slug (D:1)
  An endoplasm (D:1)
  2 giant cockroaches (D:1)
  A hobgoblin (D:1)
  3 kobolds (D:1)
  2 quokkas
  A bat (D:1)
  3 goblins (D:2)
  2 rats
20 creatures vanquished.

Notes
Turn   | Place    | Note
-------+----------+-------------------------------------------
     0 | D:1      | qw the Minotaur Hexslinger began the quest for the Orb.
     0 | D:1      | Reached XP level 1. HP: 16/16 MP: 1/1
     0 | D:1      | 0 ||| qw: Version: 0.3-a-51-g015441d
     0 | D:1      | 0 ||| qw: Game counter: 3777
     0 | D:1      | 0 ||| qw: Melee chars always use a shield: true
     0 | D:1      | 0 ||| qw: God list: Okawaru
     0 | D:1      | 0 ||| qw: Allow faded altars: false
     0 | D:1      | 0 ||| qw: Do Orc after clearing Dungeon:15 true
     0 | D:1      | 0 ||| qw: Do second Lair branch before Depths: true
     0 | D:1      | 0 ||| qw: Lair rune preference: random
     0 | D:1      | 0 ||| qw: Goals: Normal
     0 | D:1      | 0 ||| PLANNING D:1-11
    37 | D:1      | 37 ||| Stepping ~*~*~tactically~*~*~ (water).
    99 | D:1      | Found Yrghefaw's Weapon Emporium.
   220 | D:1      | Reached skill level 3 in Ranged Weapons
   281 | D:1      | Reached XP level 2. HP: 23/23 MP: 2/2
   667 | D:1      | 667 ||| READING scroll labelled TONYUS AXIRPHEFO.
   672 | D:1      | 672 ||| READING scroll labelled XUZ DOCVIEBRIRPH.
   673 | D:1      | 673 ||| DROPPING scroll of poison.
   737 | D:2      | Noticed Jessica
   741 | D:2      | Killed Jessica
   742 | D:2      | Reached XP level 3. HP: 19/29 MP: 3/3
   891 | D:2      | Reached skill level 4 in Ranged Weapons
   898 | D:2      | Noticed Natasha
   904 | D:2      | Killed Natasha
   905 | D:2      | Reached XP level 4. HP: 24/36 MP: 4/4
  1038 | D:2      | Noticed Sigmund
  1052 | D:2      | HP: 3/36 [something (9)]
  1054 | D:2      | Mangled by Sigmund

Levels and vault maps discovered:
D:1:      lightli_arrival_farm, layout_loops_ring, serial_shops, shop
D:2:      layout_basic, kennysheep_cross_room, uniq_crazy_yiuf_cottage,
          uniq_jessica, uniq_natasha, uniq_sigmund

Skill      XL: |  1  2  3 |
---------------+----------+-----
Ranged Weapons | 3 4 |  4.9
Fighting       | 2 |  2.0
Dodging        | |  2.1
Spellcasting   | |  1.0
Hexes          | |  2.0

Action                     |  1- 3 |  4- 6 || total
---------------------------+-------+-------++-------
   Fire: Sling             |    55 |    28 ||    83
    Use: Scroll            |     2 |       ||     2
 Armour: Robe              |     2 |       ||     2
  Dodge: Dodged            |    12 |     4 ||    16

Table legend:
 A = Non-vault XP
 B = Vault XP
 C = Vault XP percentage of total XP
 D = Non-vault monster count
 E = Vault monster count
 F = Vault count percentage of total count
                 A         B        C        D         E       F
            +---------+---------+-------+---------+---------+-------
      Total |      56 |      73 |  56.6 |      18 |       2 |  10.0
            +---------+---------+-------+---------+---------+-------
        D:1 |      22 |       0 |   0.0 |      11 |       0 |   0.0
        D:2 |      34 |      73 |  68.2 |       7 |       2 |  22.2
            +---------+---------+-------+---------+---------+-------
